 Dungeon Crawl Stone Soup version 0.28.0-49-g6dfe1f597d (webtiles) character file.

Game seed: 3080792174151082604

198 hawla the Firebug (level 5, -5/21 HPs)
             Began as a Felid Fire Elementalist on May 17, 2022.
             Killed by nerve-wracking pain
             ... invoked by an orc priest
              (11 damage)
             ... on level 4 of the Dungeon on May 18, 2022.
             The game lasted 00:11:46 (4273 turns).

hawla the Firebug (Felid Fire Elementalist)         Turns: 4273, Time: 00:11:47

Health: -5/21      AC:  1    Str:  4    XL:     5   Next: 47%
Magic:  7/10       EV: 17    Int: 19    God:
Gold:   157        SH:  0    Dex: 16    Spells: 2/9 levels left
                                        Lives:  0   Deaths: 1

rFire   . . .      SeeInvis +     - Unarmed
rCold   . . .      Faith    .   (shield unavailable)
rNeg    . . .      Spirit   .   (armour unavailable)
rPois   .          Reflect  .   (helmet unavailable)
rElec   .          Harm     .   (cloak unavailable)
rCorr   .          Rampage  .   (gloves unavailable)
Will    .....                   (boots unavailable)
Stlth   ++........              (no amulet)
HPRegen 0.07/turn               b - ring of flight
MPRegen 0.12/turn               h - ring of wizardry

@: flying, quick
A: very small, claws 1, fangs 3, see invisible, speed 1, shaggy fur 1, stealthy
paws, no weapons or thrown items, no armour, multi-lived
a: no special abilities


You were on level 4 of the Dungeon.
You visited 1 branch of the dungeon, and saw 4 of its levels.

You collected 157 gold pieces.

Inventory:

Jewellery
 b - a ring of flight (left paw)
 h - a ring of wizardry (right paw)
Wands
 g - a wand of polymorph (12)
Scrolls
 c - 2 scrolls of vulnerability
 k - a scroll of silence {unknown}
Potions
 a - a potion of magic
 d - a potion of attraction
 i - a potion of haste {unknown}
 j - a potion of invisibility {unknown}


   Skills:
 + Level 3.0 Dodging
 - Level 3.1 Stealth
 + Level 1.3 Unarmed Combat
 - Level 2.6 Spellcasting
 * Level 3.2 Conjurations
 + Level 4.2 Fire Magic


You had 2 spell levels left.
You knew the following spells:

 Your Spells              Type           Power      Damage    Failure   Level
a - Foxfire               Conj/Fire      64%        2x1d7     1%          1
b - Scorch                Fire           36%        2d7       1%          2
c - Flame Wave            Conj/Fire      16%        2d6       14%         4

Your spell library contained the following spells:

 Spells                   Type           Power      Damage    Failure   Level
 Conjure Flame            Conj/Fire      16%        6-21      4%          3
 Inner Flame              Hex/Fire       10%        N/A       9%          3


Dungeon Overview and Level Annotations

Branches:
Dungeon (4/15)
 Temple: D:4-7

Altars:
Qazlal


Innate Abilities, Weirdness & Mutations

You have sharp claws.
You have razor-sharp teeth.
You have supernaturally acute eyesight. (SInv)
You cover ground quickly. (Speed+)
You are covered in fur. (AC +1)
Your paws help you pounce on unaware monsters.
You are incapable of wielding weapons or throwing items.
You cannot wear armour.
You gain extra lives every three experience levels.


Message History

The orc is heavily wounded.
The foxfire hits the orc.
The orc is almost dead.
The foxfire hits the orc but does no damage.
The orc is almost dead.
The orc shouts!
You scratch the orc but do no damage. Your bite misses the orc.
The orc is almost dead.
The orc hits you with a +0 trident!
You conjure some foxfire!
The orc hits you with a +0 trident!
* * * LOW HITPOINT WARNING * * *
The foxfire hits the orc but does no damage.
The orc is almost dead.
The foxfire hits the orc.
You kill the orc!
As you read the scroll labelled IDIUKIMEVE, it crumbles to dust.
The scroll dissolves into smoke.
It was a scroll of fog.
The orc priest looks braver for a moment.
You start resting.
Magic restored.
You start resting.
An orc priest is nearby!
Casting: Foxfire (safe; 1% risk of failure)
Confirm with . or Enter, or press ? or * to list all spells.
You conjure some foxfire!
Casting: Foxfire (safe; 1% risk of failure)
Confirm with . or Enter, or press ? or * to list all spells.
Flames lash the orc priest.
The orc priest is moderately wounded.
The orc priest's fire resistance burns away.
The foxfire hits the orc priest but does no damage.
The orc priest is moderately wounded.
The foxfire hits the orc priest.
The orc priest is heavily wounded.
It was a potion of flight.
You feel more buoyant.
The orc priest calls down the wrath of Beogh upon you.
Pain shoots through your body!
Ouch! That really hurt!
You die...

###..# .... .###....## #.....
.........# #......
.........#########.......
......<....)...#.........
.#....)...........#......
##.......######..........
#.......## ##§§....##
........# #@§§...# .......##
##§§...## .......# #o.....#
..§§§§#### #o.....#####
...§§§...########..........##
.§§§o§.......................
..§§§§§..................#
...§§§§§..........##.....# .
..§.§.##########..###....###.#


You could see 2 orc priests.

Vanquished Creatures
  Crazy Yiuf (D:3)
  Jessica (D:3)
  An iguana (D:3)
  3 gnolls (D:3)
  7 adders
  A worm (D:2)
  A dart slug (D:1)
  5 orcs
  6 ball pythons
  10 endoplasms
  4 giant cockroaches
  7 goblins
  5 hobgoblins
  4 quokkas
  3 bats
  4 frilled lizards
  6 kobolds
  4 rats
73 creatures vanquished.

Vanquished Creatures (collateral kills)
  5 foxfires
5 creatures vanquished.

Vanquished Creatures (others)
  193 foxfires
  4 plants (D:1)
197 creatures vanquished.

Grand Total: 275 creatures vanquished

Notes
Turn   | Place    | Note
-------+----------+-------------------------------------------
     0 | D:1      | hawla the Felid Fire Elementalist began the quest for the
                  | Orb.
     0 | D:1      | Reached XP level 1. HP: 7/7 MP: 4/4
   146 | D:1      | Reached skill level 3 in Fire Magic
   258 | D:1      | Reached XP level 2. HP: 11/11 MP: 1/6
   262 | D:1      | Learned a level 2 spell: Scorch
  1042 | D:1      | Reached skill level 1 in Conjurations
  1042 | D:1      | Reached XP level 3. HP: 5/14 MP: 3/7
  1857 | D:2      | Found a faded altar of an unknown god.
  2284 | D:2      | Reached XP level 4. HP: 17/18 MP: 5/9
  2289 | D:2      | Learned a level 4 spell: Flame Wave
  3013 | D:3      | Reached skill level 1 in Unarmed Combat
  3199 | D:3      | Slain by a gnoll
  3200 | D:3      | Reached XP level 3. HP: -1/14 MP: 3/8
  3255 | D:3      | Reached XP level 4. HP: 18/18 MP: 5/9
  3545 | D:3      | Reached skill level 4 in Fire Magic
  3725 | D:3      | Noticed Jessica
  3728 | D:3      | Killed Jessica
  3729 | D:3      | Reached XP level 5. HP: 21/21 MP: 6/10
  3942 | D:3      | Found a runed translucent door.
  3943 | D:3      | Noticed Crazy Yiuf
  3950 | D:3      | Killed Crazy Yiuf
  4110 | D:4      | Found a stormy altar of Qazlal.
  4273 | D:4      | Killed from afar by an orc priest

Illustrated notes

Levels and vault maps discovered:
D:1:      ncdulo_wetmaze, layout_loops_ring, serial_forest,
          infiniplex_forest_fountain, infiniplex_forest_straight_1,
          infiniplex_forest_lined_3_way, infiniplex_forest_lined_3,
          infiniplex_forest_clump_curved, serial_park_tiny_pond
D:2:      layout_basic, basic_ecumenical_altar
D:3:      layout_basic, kennysheep_pointless_box, minmay_misc_feat_iff,
          uniq_jessica, uniq_crazy_yiuf_cottage
D:4:      kennysheep_spiral_hall, layout_layer_cave,
          nicolae_qazlal_general_emergency, minmay_temple_entry_slanted,
          corexii_leaking_fountain, minmay_joined_circles

Skill      XL: |  1  2  3  4  5 |
---------------+----------------+-----
Fire Magic     | 3 4 |  4.2
Conjurations   | 1 2 3 |  3.2
Stealth        | 3 |  3.1
Unarmed Combat | 1 |  1.3
Dodging        | 3 |  3.0
Spellcasting   | |  2.6

Action                   |  1- 3 |  4- 6 || total
-------------------------+-------+-------++-------
Melee: Unarmed           |    39 |    24 ||    63
       Punch             |     1 |     1 ||     2
       Bite              |     1 |     1 ||     2
 Cast: Foxfire           |    62 |    53 ||   115
       Scorch            |     5 |    10 ||    15
  Use: Scroll            |     2 |     2 ||     4
       Potion            |       |     4 ||     4
 Stab: Sleeping          |     9 |     1 ||    10
Armor: Skin              |     2 |     4 ||     6
Dodge: Dodged            |    31 |    42 ||    73
